PIO (24 & UNDER)
COLORADO COMMANDERS @ SALEM SLEDGEHAMMERS
09/26/2030
 
TOP OF THE 1ST
Colorado Commanders batting - Pitching for Salem Sledgehammers : RHP Ross Jackson
Pitching: RHP Ross Jackson
Batting: RHB Félix Campos 0-0: SINGLE (Line Drive, 89S)
Batting: RHB Lawrence Ware 0-0: Ball
1-0: Ball
Félix Campos steals 2nd base
2-0: Ball
3-0: Base on Balls
Batting: LHB Arthur Guzmán 0-0: Called Strike
0-1: Ball
1-1: Ball
2-1: Fly out, F7 (Flyball, 78M)
Batting: LHB Francisco Ríos 0-0: Ball
Félix Campos steals 3rd base
1-0: Ball
2-0: Ball
3-0: Called Strike
3-1: Swinging Strike
3-2: Foul Ball, location: 2F
3-2: Base on Balls
Lawrence Ware to second
Batting: RHB Henry Cahill 0-0: Foul Ball, location: 2F
0-1: Foul Ball, location: 2F
0-2: Ball
1-2: Foul Ball, location: 2F
1-2: Ball
2-2: Ball
3-2: Foul Ball, location: 2F
3-2: Base on Balls
Félix Campos scores
Lawrence Ware to third
Francisco Ríos to second
Batting: LHB Roberto Herrera 0-0: Ball
1-0: Ball
2-0: Ball
3-0: Base on Balls
Lawrence Ware scores
Francisco Ríos to third
Henry Cahill to second
Batting: RHB William Dyer 0-0: Ball
1-0: Foul Ball, location: 2F
1-1: Ball
2-1: Foul Ball, location: 2F
2-2: Ball
3-2: Base on Balls
Francisco Ríos scores
Henry Cahill to third
Roberto Herrera to second
Batting: RHB Carlos Jiménez 0-0: Ball
1-0: Called Strike
1-1: Fly out, F9 (Flyball, 89S)
Runner from 3rd tags up, SCORES, no throw
Batting: RHB Júlio Ramos 0-0: Foul Ball, location: 2F
0-1: Fly out, F8 (Line Drive, 78M)
Top of the 1st over - 4 runs, 1 hit, 0 errors, 2 left on base; Colorado 4 - Salem 0
BOTTOM OF THE 1ST
Salem Sledgehammers batting - Pitching for Colorado Commanders : RHP Alberto García
Pitching: RHP Alberto García
Batting: RHB Ben Simpson 0-0: Swinging Strike
0-1: Ball
1-1: SINGLE (Groundball, 56D)
Batting: LHB Marvin Jones 0-0: Called Strike
Ben Simpson steals 2nd base
0-1: Ball
1-1: Foul Ball, location: 2F
1-2: Ball
2-2: Ball
3-2: Fly out, F8 (Flyball, 89D)
Runner from 2nd tags up, SAFE at 3rd, no throw
Batting: LHB Adrian Neal 0-0: Ball
1-0: Ball
2-0: Foul Ball, location: 2F
2-1: Swinging Strike
2-2: Foul Ball, location: 2F
2-2: Strikes out swinging
Batting: LHB Roberto Flores 0-0: Ball
1-0: SINGLE (Groundball, 6MD)
Ben Simpson scores
Batting: LHB Larry Bradley 0-0: Swinging Strike
0-1: Swinging Strike
0-2: Ball
1-2: Fly out, F7 (Flyball, 7S)
Bottom of the 1st over - 1 run, 2 hits, 0 errors, 1 left on base; Colorado 4 - Salem 1
TOP OF THE 2ND
Colorado Commanders batting - Pitching for Salem Sledgehammers : RHP Ross Jackson
Batting: RHB Félix Campos 0-0: Called Strike
0-1: Ball
1-1: Foul Ball, location: 2F
1-2: Ball
2-2: Foul Ball, location: 2F
2-2: Ball
3-2: Fly out, F9 (Flyball, 89S)
Batting: RHB Lawrence Ware 0-0: Ground out 4-3 (Groundball, 4)
Batting: LHB Arthur Guzmán 0-0: Ball
1-0: Foul Ball, location: 2F
1-1: Called Strike
1-2: Ball
2-2: Foul Ball, location: 2F
2-2: DOUBLE (Line Drive, 78XD)
Batting: LHB Francisco Ríos 0-0: Called Strike
0-1: Swinging Strike
0-2: Strikes out looking
Top of the 2nd over - 0 runs, 1 hit, 0 errors, 1 left on base; Colorado 4 - Salem 1
BOTTOM OF THE 2ND
Salem Sledgehammers batting - Pitching for Colorado Commanders : RHP Alberto García
Batting: RHB Roberto Landavazo 0-0: Swinging Strike
0-1: Ball
1-1: Swinging Strike
1-2: Strikes out swinging
Batting: RHB Gary Washington 0-0: Called Strike
0-1: Foul Ball, location: 2F
0-2: Ball
1-2: Ball
2-2: Ball
3-2: Foul Ball, location: 2F
3-2: Base on Balls
Batting: RHB José Sosa 0-0: Ball
1-0: Ball
2-0: Foul Ball, location: 2F
2-1: Ball
3-1: Base on Balls
Gary Washington to second
Batting: SHB Honorato Díaz 0-0: Grounds out, U3 (Groundball, 3L)
Gary Washington to third
Batting: RHB Ben Simpson 0-0: Ball
1-0: Ground out 6-3 (Groundball, 6M)
Bottom of the 2nd over - 0 runs, 0 hits, 0 errors, 2 left on base; Colorado 4 - Salem 1
TOP OF THE 3RD
Colorado Commanders batting - Pitching for Salem Sledgehammers : RHP Ross Jackson
Batting: RHB Henry Cahill 0-0: Called Strike
0-1: Swinging Strike
0-2: Strikes out swinging
Batting: LHB Roberto Herrera 0-0: Ball
1-0: Ball
2-0: Ball
3-0: Base on Balls
Batting: RHB William Dyer 0-0: Called Strike
0-1: Ball
1-1: Grounds into double play, 4-6-3 (Groundball, 4)
Top of the 3rd over - 0 runs, 0 hits, 0 errors, 0 left on base; Colorado 4 - Salem 1
BOTTOM OF THE 3RD
Salem Sledgehammers batting - Pitching for Colorado Commanders : RHP Alberto García
Batting: LHB Marvin Jones 0-0: Foul Ball, location: 2F
0-1: Ball
1-1: Foul Ball, location: 2F
1-2: Fly out, F4 (Popup, 4)
Batting: LHB Adrian Neal 0-0: Ground out 5-3 (Groundball, 5)
Batting: LHB Roberto Flores 0-0: Ball
1-0: Ball
2-0: Ball
3-0: Called Strike
3-1: Ground out 4-3 (Groundball, 4MD)
Bottom of the 3rd over - 0 runs, 0 hits, 0 errors, 0 left on base; Colorado 4 - Salem 1
TOP OF THE 4TH
Colorado Commanders batting - Pitching for Salem Sledgehammers : RHP Ross Jackson
Batting: RHB Carlos Jiménez 0-0: Ball
1-0: Foul Ball, location: 2F
1-1: Ball
2-1: SOLO HOME RUN (Line Drive, 7D), Distance : 405 ft
Batting: RHB Júlio Ramos 0-0: Ground out 5-3 (Groundball, 5)
Batting: RHB Félix Campos 0-0: Ground out 1-3 (Groundball, 15)
Batting: RHB Lawrence Ware 0-0: Called Strike
0-1: Swinging Strike
0-2: Foul Ball, location: 2F
0-2: Ball
1-2: Ball
2-2: Fly out, F2 (Popup, 2RF)
Top of the 4th over - 1 run, 1 hit, 0 errors, 0 left on base; Colorado 5 - Salem 1
BOTTOM OF THE 4TH
Salem Sledgehammers batting - Pitching for Colorado Commanders : RHP Alberto García
Batting: LHB Larry Bradley 0-0: Ball
1-0: Swinging Strike
1-1: Ground out U3 (Groundball, 3L)
Batting: RHB Roberto Landavazo 0-0: Ball
1-0: Called Strike
1-1: Ball
2-1: DOUBLE (Flyball, 89D)
Batting: RHB Gary Washington 0-0: Ground out 5-3 (Groundball, 56S)
Roberto Landavazo to third
Batting: RHB José Sosa 0-0: Called Strike
0-1: Swinging Strike
0-2: Strikes out swinging
Bottom of the 4th over - 0 runs, 1 hit, 0 errors, 1 left on base; Colorado 5 - Salem 1
TOP OF THE 5TH
Colorado Commanders batting - Pitching for Salem Sledgehammers : RHP Ross Jackson
Batting: LHB Arthur Guzmán 0-0: Ball
1-0: Ground out U3 (Groundball, 3L)
Batting: LHB Francisco Ríos 0-0: Ball
1-0: Ball
2-0: Ball
3-0: Base on Balls
Batting: RHB Henry Cahill 0-0: Called Strike
0-1: Ball
1-1: Foul Ball, location: 2F
1-2: Foul Ball, location: 2F
1-2: Strikes out swinging
Batting: LHB Roberto Herrera 0-0: Swinging Strike
0-1: Ball
Francisco Ríos is caught stealing 2nd base
Top of the 5th over - 0 runs, 0 hits, 0 errors, 0 left on base; Colorado 5 - Salem 1
BOTTOM OF THE 5TH
Salem Sledgehammers batting - Pitching for Colorado Commanders : RHP Alberto García
Batting: SHB Honorato Díaz 0-0: SINGLE (Line Drive, 7S)
Batting: RHB Ben Simpson 0-0: Grounds into double play, 5-4-3 (Groundball, 56)
Batting: LHB Marvin Jones 0-0: Ball
1-0: Swinging Strike
1-1: Ball
2-1: Fly out, F5 (Popup, 5SF)
Bottom of the 5th over - 0 runs, 1 hit, 0 errors, 0 left on base; Colorado 5 - Salem 1
TOP OF THE 6TH
Colorado Commanders batting - Pitching for Salem Sledgehammers : RHP Ross Jackson
Pitching: RHP Luis Rosado
Batting: LHB Roberto Herrera 0-0: Foul Ball, location: 2F
0-1: Swinging Strike
0-2: Ball
1-2: Strikes out swinging
Batting: RHB William Dyer 0-0: Called Strike
0-1: Ball
1-1: Foul Ball, location: 2F
1-2: Foul Ball, location: 2F
1-2: Ball
2-2: Foul Ball, location: 2F
2-2: Ball
3-2: Foul Ball, location: 2F
3-2: Foul Ball, location: 2F
3-2: Strikes out swinging
Batting: RHB Carlos Jiménez 0-0: Called Strike
0-1: Ball
1-1: Foul Ball, location: 2F
1-2: Foul Ball, location: 2F
1-2: Ball
2-2: Strikes out swinging
Top of the 6th over - 0 runs, 0 hits, 0 errors, 0 left on base; Colorado 5 - Salem 1
BOTTOM OF THE 6TH
Salem Sledgehammers batting - Pitching for Colorado Commanders : RHP Alberto García
Batting: LHB Adrian Neal 0-0: Ground out 4-3 (Groundball, 4)
Batting: LHB Roberto Flores 0-0: Ball
1-0: Ground out U3 (Groundball, 3)
Batting: LHB Larry Bradley 0-0: Ball
1-0: Called Strike
1-1: Ground out 3-1 (Groundball, 34S)
Bottom of the 6th over - 0 runs, 0 hits, 0 errors, 0 left on base; Colorado 5 - Salem 1
TOP OF THE 7TH
Colorado Commanders batting - Pitching for Salem Sledgehammers : RHP Luis Rosado
Batting: RHB Júlio Ramos 0-0: Ball
1-0: Foul Ball, location: 2F
1-1: Ball
2-1: Ball
3-1: Base on Balls
Batting: RHB Félix Campos 0-0: Swinging Strike
0-1: Bunted foul
0-2: Ball
1-2: Strikes out swinging
Batting: RHB Lawrence Ware 0-0: Called Strike
0-1: Ball
1-1: Foul Ball, location: 2F
1-2: Ball
2-2: Fly out, F9 (Flyball, 9S)
Batting: LHB Arthur Guzmán 0-0: Foul Ball, location: 2F
0-1: Ball
1-1: DOUBLE (Line Drive, 7D)
Júlio Ramos to third
Runner from 3rd tries for Home, SAFE, no throw
Batting: LHB Francisco Ríos 0-0: Intentional Walk
Batting: RHB Henry Cahill 0-0: Called Strike
0-1: Ball
1-1: Fly out, F1 (Line Drive, 13)
Top of the 7th over - 1 run, 1 hit, 0 errors, 2 left on base; Colorado 6 - Salem 1
BOTTOM OF THE 7TH
Salem Sledgehammers batting - Pitching for Colorado Commanders : RHP Alberto García
Now in RF: Eric Patrick
Batting: RHB Roberto Landavazo 0-0: Ball
1-0: Ball
2-0: Ball
3-0: Called Strike
3-1: Base on Balls
Batting: RHB Gary Washington 0-0: Called Strike
0-1: Ball
1-1: Foul Ball, location: 2F
1-2: Foul Ball, location: 2F
1-2: Ball
2-2: Foul Ball, location: 2F
2-2: Strikes out looking
Batting: RHB José Sosa 0-0: SINGLE (Groundball, 56S) (infield hit)
Roberto Landavazo to second
Batting: SHB Honorato Díaz 0-0: Called Strike
0-1: Swinging Strike
0-2: Foul Ball, location: 2F
0-2: Strikes out looking
Batting: RHB Ben Simpson 0-0: Called Strike
0-1: SINGLE (Groundball, 4MD)
Roberto Landavazo to third
José Sosa to second
Runner from 3rd tries for Home, SAFE, no throw
Batting: LHB Marvin Jones 0-0: Ball
1-0: Ball
2-0: Fly out, F6 (Line Drive, 6)
Bottom of the 7th over - 1 run, 2 hits, 0 errors, 2 left on base; Colorado 6 - Salem 2
TOP OF THE 8TH
Colorado Commanders batting - Pitching for Salem Sledgehammers : RHP Luis Rosado
Batting: LHB Roberto Herrera 0-0: Ball
1-0: Fly out, F5 (Popup, 25F)
Batting: RHB William Dyer 0-0: Swinging Strike
0-1: Swinging Strike
0-2: Strikes out looking
Batting: RHB Carlos Jiménez 0-0: Ball
1-0: Ground out 6-3 (Groundball, 6)
Top of the 8th over - 0 runs, 0 hits, 0 errors, 0 left on base; Colorado 6 - Salem 2
BOTTOM OF THE 8TH
Salem Sledgehammers batting - Pitching for Colorado Commanders : RHP Alberto García
Batting: LHB Adrian Neal 0-0: Called Strike
0-1: Ball
1-1: Ball
2-1: Called Strike
2-2: Strikes out looking
Batting: LHB Roberto Flores 0-0: Ball
1-0: Ball
2-0: Called Strike
2-1: Swinging Strike
2-2: Ball
3-2: Strikes out swinging
Batting: LHB Larry Bradley 0-0: Called Strike
0-1: Fly out, F3 (Line Drive, 3)
Bottom of the 8th over - 0 runs, 0 hits, 0 errors, 0 left on base; Colorado 6 - Salem 2
TOP OF THE 9TH
Colorado Commanders batting - Pitching for Salem Sledgehammers : RHP Luis Rosado
Batting: RHB Júlio Ramos 0-0: Called Strike
0-1: Swinging Strike
0-2: Ball
1-2: Ball
2-2: Ground out U3 (Groundball, 34)
Batting: RHB Félix Campos 0-0: Fly out, F7 (Flyball, 78D)
Batting: RHB Lawrence Ware 0-0: Ball
1-0: Foul Ball, location: 2F
1-1: Called Strike
1-2: Ball
2-2: Ground out U3 (Groundball, 34)
Top of the 9th over - 0 runs, 0 hits, 0 errors, 0 left on base; Colorado 6 - Salem 2
BOTTOM OF THE 9TH
Salem Sledgehammers batting - Pitching for Colorado Commanders : RHP Alberto García
Batting: RHB Roberto Landavazo 0-0: Ground out 4-3 (Groundball, 4S)
Batting: RHB Gary Washington 0-0: Called Strike
0-1: Swinging Strike
0-2: Ball
1-2: Ball
2-2: Strikes out swinging
Batting: RHB José Sosa 0-0: Ball
1-0: Foul Ball, location: 2F
1-1: Called Strike
1-2: Ball
2-2: Ball
3-2: Base on Balls
Pitching: LHP Juan Vásquez
Batting: SHB Honorato Díaz 0-0: Called Strike
0-1: Fly out, F4 (Line Drive, 4M)
Bottom of the 9th over - 0 runs, 0 hits, 0 errors, 1 left on base; Colorado 6 - Salem 2
Saturday, April 7th, 2018 - OOTP Baseball 18.8 Build 76